 Dungeon Crawl Stone Soup version 0.29-a0-810-g3812dd5c9c (webtiles) character file.

Game seed: 5703158285719786354

11 Morbidden the Shooter (level 2, 22/22 HPs)
             Began as a Demonspawn Hunter on July 4, 2022.
             Was a Follower of Kikubaaqudgha.
             Quit the game on level 1 of the Dungeon.
             The game lasted 00:00:20 (316 turns).

Morbidden the Shooter (Demonspawn Hunter)            Turns: 316, Time: 00:00:21

Health: 22/22      AC:  5    Str: 11    XL:     2   Next: 13%
Magic:  2/2        EV: 11    Int: 10    God:    Kikubaaqudgha [*.....]
Gold:   12         SH:  0    Dex: 16    Spells: 1/1 levels left

rFire   . . .      SeeInvis .   a - +0 shortbow
rCold   . . .      Faith    .   (shield currently unavailable)
rNeg    . . .      Spirit   .   c - +0 leather armour
rPois   .          Reflect  .   (no helmet)
rElec   .          Harm     .   (no cloak)
rCorr   .          Rampage  .   (no gloves)
Will    .....                   (no boots)
Stlth   +.........              (no amulet)
HPRegen 0.07/turn               (no ring)
MPRegen 0.08/turn               (no ring)

@: no status effects
A: molten scales 1
a: Renounce Religion, Unearth Wretches


You were on level 1 of the Dungeon.
You worshipped Kikubaaqudgha.
Kikubaaqudgha was aware of your devotion.
You visited 1 branch of the dungeon, and saw 1 of its levels.

You collected 12 gold pieces.

Inventory:

Hand Weapons
 a - a +0 shortbow (weapon)
Armour
 c - a +0 leather armour (worn)
Scrolls
 b - a scroll of immolation
 d - a scroll of enchant weapon {unknown}
 e - a scroll of brand weapon {unknown}
 f - 2 scrolls of blinking {unknown}


   Skills:
 + Level 2.0 Fighting
 + Level 4.1 Ranged Weapons
 + Level 1.7 Dodging
 + Level 0.8 Stealth


You had one spell level left.
You didn't know any spells.
Your spell library contained the following spells:

 Spells                   Type           Power      Damage    Failure   Level
 Necrotise                Necr           0%         1d4       45%         1
 Sublimation of Blood     Necr           0%         N/A       58%         2
 Vampiric Draining        Necr           0%         2d6       83%         3
 Anguish                  Hex/Necr       0%         N/A       99%         4


Dungeon Overview and Level Annotations

Branches:
Dungeon (1/15)

Altars:
Kikubaaqudgha


Innate Abilities, Weirdness & Mutations

You are partially covered in molten scales. (AC +2)


Message History

You shoot an arrow.
The arrow hits the hobgoblin but does no damage.
A hobgoblin is nearby!
You shoot an arrow. The arrow hits the hobgoblin.
The hobgoblin is moderately wounded.
A hobgoblin is nearby!
A hobgoblin is nearby!
You shoot an arrow. The arrow hits the hobgoblin.
You kill the hobgoblin!
Found 5 large rocks.
No target in view!
Found a faded altar of an unknown god.
No target in view!
f - 2 scrolls labelled GUIXEA RIDOL No target in view!
Key pressed, stopping explore.
No target in view!
Key pressed, stopping explore.
Unknown command.
No target in view!
Found a stone staircase leading down.
Unknown command.
No target in view!
Key pressed, stopping explore.
No target in view!
Unknown command.
No target in view!
Unknown command.
No target in view!
Unknown command.
No target in view!
No target in view!
There is a faded altar of an unknown god here.
You cannot tell which god this altar belongs to.
Convert to them anyway?
Kikubaaqudgha accepts your prayer! Kikubaaqudgha welcomes you!
You can now bring forth the wretched and dying.
Kikubaaqudgha grants you a gift!
You add the spells Necrotise, Sublimation of Blood, Vampiric Draining and Anguish to your library.
Are you sure you want to abandon this character and quit the game? (Confirm with "yes".)

###.##.######.###..#
#######
#.##..........##.#
###.....#
#.#######.....##.#
###........ ###
.###...##.####........†.
...###..................
........................#
...............########..
####.........###......#..
###..@..####.#.###....
################ #.#.#
#....
#..............###.#.#
#.###
#...............#....#
#.#
#.............#.#....#
#.# #
##...###.######.#....#
#.# # #.#.###.###
#.#....# #.# #
#...#.....# #..#.#.# #.#
#.>.#.....# ##.#)#.# #.#


There were no monsters in sight!

Vanquished Creatures
  An endoplasm (D:1)
  A giant cockroach (D:1)
  3 goblins (D:1)
  A hobgoblin (D:1)
  A kobold (D:1)
  A quokka (D:1)
  A rat (D:1)
9 creatures vanquished.

Notes
Turn   | Place    | Note
-------+----------+-------------------------------------------
     0 | D:1      | Morbidden the Demonspawn Hunter began the quest for the
                  | Orb.
     0 | D:1      | Reached XP level 1. HP: 16/16 MP: 1/1
   139 | D:1      | Reached skill level 4 in Ranged Weapons
   144 | D:1      | Gained mutation: You are partially covered in molten
                  | scales. (AC +2) [demonic ancestry]
   144 | D:1      | Reached XP level 2. HP: 22/22 MP: 2/2
   225 | D:1      | Found a faded altar of an unknown god.
   315 | D:1      | Prayed at the altar of an unknown god.
   315 | D:1      | Became a worshipper of Kikubaaqudgha
   315 | D:1      | Reached * piety under Kikubaaqudgha
   315 | D:1      | Received a gift from Kikubaaqudgha
   316 | D:1      | Quit the game

Illustrated notes

Levels and vault maps discovered:
D:1:      lemuel_arrival_hallway, layout_basic,
          hellmonk_ecumenical_altar_zigzags, lemuel_another_geyser

Skill      XL: |  1 |
---------------+----+-----
Ranged Weapons | 4 |  4.1
Fighting       | |  2.0
Dodging        | |  1.7
Stealth        | |  0.8

Action                   || total
-------------------------++-------
 Fire: Shortbow          ||    23
Armor: Leather armour    ||     1
Dodge: Dodged            ||     1

Table legend: (Time is in decaauts)
 A = Elapsed time spent in this place.
 B = Non-inter-level travel time spent in this place.
 C = Inter-level travel time spent in this place.
 D = Time resting spent in this place.
 E = Time spent auto-exploring this place.
 F = Levels seen in this place.
 G = Mean time per level.
                   A        B        C        D        E       F      G
               +--------+--------+--------+--------+--------+-----+--------+
         Total |    323 |    294 |     29 |      0 |    246 |   1 |  323.0 |
       Dungeon |    323 |    294 |     29 |      0 |    246 |   1 |  323.0 |
               +--------+--------+--------+--------+--------+-----+--------+

Top non-repeatable levels by time:
     D:1: 323 daAuts
